[Event "Titled Tuesday Blitz November 08 Late 2022"]
[White "Rodriguez Fontecha, Marcos"]
[Black "Hoffmann, Asa"]
[WhiteFideId "2256576"]
[BlackFideId "2001470"]
[WhiteElo "2263"]
[BlackElo "2117"]
[Result "1-0"]
[Round "05"]
[TimeControl "180+1"]
[Date "2022.11.09"]
[WhiteClock "0:01:21"]
[BlackClock "0:00:20"]

1. d4 Nf6 2. Nf3 d6 3. Bg5 Nbd7 4. g3 c6 5. Bg2 e5 6. O-O Be7 7. c4 e4 8. Nfd2 d5 9. cxd5 cxd5 10. f3 exf3 11. Bxf3 O-O 12. Nc3 Qb6 13. Nb3 a5 14. a4 Qe6 15. Nb5 Bd8 16. Rc1 b6 17. Bf4 Ba6 18. Bd6 Bxb5 19. Bxf8 Bxa4 20. Ba3 Ne4 21. Qd3 Bxb3 22. Qxb3 Ndf6 23. Qc2 Be7 24. Qc6 Qxc6 25. Rxc6 Bxa3 26. bxa3 b5 27. Rb1 Rb8 28. Rxb5 Re8 29. Bxe4 dxe4 30. d5 h5 31. d6 Rd8 32. Rxa5 Kf8 33. Re5 Nd7 34. Rxe4 1-0


[Site "https://www.chess.com"]

[Event "Titled Tuesday Blitz November 08 Late 2022"]
[White "Romero Ruscalleda, Josep"]
[Black "Guimaraes, Marcelo Cunha"]
[WhiteFideId "2231859"]
[BlackFideId "2118068"]
[WhiteElo "2183"]
[BlackElo "2108"]
[Result "1-0"]
[Round "05"]
[TimeControl "180+1"]
[Date "2022.11.09"]
[WhiteClock "0:00:18"]
[BlackClock "0:00:01"]

1. e4 c5 2. c3 Nf6 3. e5 Nd5 4. Nf3 Nc6 5. Bc4 Nb6 6. Bb3 e6 7. O-O d6 8. exd6 Qxd6 9. d4 cxd4 10. cxd4 Be7 11. Nc3 O-O 12. Ne4 Qd8 13. Be3 Nd5 14. Rc1 Bd7 15. Nc5 Bxc5 16. Rxc5 Nxe3 17. fxe3 b6 18. Rg5 Na5 19. Bc2 Rc8 20. b3 Bc6 21. Rg3 Bb7 22. Ne5 f5 23. Bd3 Nc6 24. Nf3 Ne7 25. Ne5 Bd5 26. Qh5 Nc6 27. Rh3 h6 28. Ng6 Rf6 29. Nf4 Qe8 30. Nxd5 exd5 31. Qf3 Nb4 32. Bb1 Rc3 33. a3 Nd3 34. Qxd5+ Qf7 35. Qd8+ 1-0


[Site "https://www.chess.com"]

[Event "Titled Tuesday Blitz November 08 Late 2022"]
[White "Rose, Felix"]
[Black "Papayan, Oleg"]
[WhiteFideId "5105722"]
[BlackFideId "4193911"]
[WhiteElo "2039"]
[BlackElo "2153"]
[Result "0-1"]
[Round "05"]
[TimeControl "180+1"]
[Date "2022.11.09"]
[WhiteClock "0:00:01"]
[BlackClock "0:00:07"]

1. d4 Nf6 2. Bf4 d5 3. Nc3 c5 4. e4 cxd4 5. Qxd4 Nc6 6. Bb5 Bd7 7. Bxc6 Bxc6 8. e5 Nd7 9. e6 fxe6 10. Nf3 Qb6 11. Be5 Qxd4 12. Bxd4 Nf6 13. O-O-O g6 14. Rhe1 Bd7 15. Ng5 Bh6 16. h4 O-O 17. Kb1 Bxg5 18. hxg5 Nh5 19. g3 Ng7 20. g4 Rf4 21. Rg1 b6 22. Rd3 Rc8 23. f3 Rc4 24. Ne2 Rf8 25. b3 Rcc8 26. a4 Ne8 27. Be5 Nd6 28. f4 Nf7 29. Bd4 Nd6 30. Rh1 Ne4 31. Be5 Nf2 32. Rdh3 Nxh1 33. Rxh1 a5 34. Nd4 Rc5 35. Kb2 Rfc8 36. Rh2 Rc3 37. Rg2 Rh3 38. Ne2 b5 39. axb5 Bxb5 40. Nd4 Bd7 41. Rg1 a4 42. bxa4 Ra8 43. Ra1 Ra5 44. Nb3 Rxa4 45. Rxa4 Bxa4 46. Nc5 Bb5 47. Nxe6 Rg3 48. Nc7 Bc6 49. Ne6 Rxg4 50. Kc3 Bd7 51. Nc5 Bc6 0-1


[Site "https://www.chess.com"]

[Event "Titled Tuesday Blitz November 08 Late 2022"]
[White "Sanchez, Robert"]
[Black "Marcolino, Daniel Mattos"]
[WhiteFideId "2034360"]
[BlackFideId "2106841"]
[WhiteElo "2327"]
[BlackElo "2090"]
[Result "0-1"]
[Round "05"]
[TimeControl "180+1"]
[Date "2022.11.09"]
[WhiteClock "0:01:29"]
[BlackClock "0:00:19"]

1. e4 c6 2. d4 d5 3. e5 c5 4. dxc5 e6 5. b4 Nc6 6. Bb5 Bd7 7. Bxc6 Bxc6 8. Nf3 b6 9. cxb6 Qxb6 10. c3 a5 11. Be3 Qa6 12. bxa5 Qxa5 13. O-O Ne7 14. Nd4 Bb7 15. Qb3 Ba6 16. Rc1 Rc8 17. Nd2 Nc6 18. N2f3 Be7 19. a4 O-O 20. h4 Bc4 21. Qd1 Qc7 22. Nxc6 Qxc6 23. Nd4 Qc7 24. Qh5 g6 25. Qg4 Qxe5 26. Bh6 Rfe8 27. Re1 Qc7 28. Nxe6 fxe6 29. Qxe6+ Kh8 30. Qf7 0-1


[Site "https://www.chess.com"]

[Event "Titled Tuesday Blitz November 08 Late 2022"]
[White "Sarana, Alexey"]
[Black "Korchmar, Vasiliy"]
[WhiteFideId "24133795"]
[BlackFideId "24131750"]
[WhiteElo "2708"]
[BlackElo "2370"]
[Result "1-0"]
[Round "05"]
[TimeControl "180+1"]
[Date "2022.11.08"]
[WhiteClock "0:01:10"]
[BlackClock "0:00:19"]

1. c4 c6 2. Nf3 d5 3. d4 Nf6 4. Nc3 e6 5. e3 Nbd7 6. Bd3 dxc4 7. Bxc4 b5 8. Bd3 b4 9. Ne4 Nxe4 10. Bxe4 Bb7 11. Nd2 Be7 12. O-O O-O 13. b3 Nf6 14. Bf3 Nd5 15. Ne4 a5 16. Qc2 Ba6 17. Re1 Bb5 18. Bd2 a4 19. Nc5 Qa5 20. Rac1 axb3 21. axb3 Rfb8 22. Nd7 Rc8 23. Bxd5 exd5 24. Qf5 Qd8 25. e4 Bd3 26. Ne5 Bxe4 27. Qxf7+ Kh8 28. Qe6 1-0


[Site "https://www.chess.com"]

[Event "Titled Tuesday Blitz November 08 Late 2022"]
[White "Sebag, Marie"]
[Black "Ivanisevic, Ivan"]
[WhiteFideId "617822"]
[BlackFideId "912417"]
[WhiteElo "2440"]
[BlackElo "2582"]
[Result "1-0"]
[Round "05"]
[TimeControl "180+1"]
[Date "2022.11.09"]
[WhiteClock "0:00:06"]
[BlackClock "0:00:01"]

1. c4 e5 2. Nc3 Nc6 3. g3 f5 4. Bg2 Nf6 5. d3 Bb4 6. Nf3 Bxc3+ 7. bxc3 d6 8. O-O O-O 9. Rb1 Qe8 10. Nd2 f4 11. Ba3 Qh5 12. e3 Bg4 13. f3 Bh3 14. g4 Qh4 15. exf4 Bxg2 16. Kxg2 exf4 17. Rxb7 Ne5 18. d4 Nfxg4 19. fxg4 f3+ 20. Nxf3 Qxg4+ 21. Kh1 Nxf3 22. Qe2 Rae8 23. Qg2 Qxg2+ 24. Kxg2 Re2+ 25. Kg3 Re3 26. Kg2 Rxc3 27. Rxa7 h5 28. Rf2 Rf4 29. h3 Nh4+ 30. Kf1 Rxf2+ 31. Kxf2 Rxh3 32. Bb4 Nf5 33. Rxc7 g5 34. c5 dxc5 35. dxc5 g4 36. c6 Rf3+ 37. Kg1 Ne3 38. Re7 g3 39. Re8+ Kg7 40. Bc3+ Kg6 41. Re6+ 1-0


[Site "https://www.chess.com"]

[Event "Titled Tuesday Blitz November 08 Late 2022"]
[White "Shankland, Sam"]
[Black "Preotu, Razvan"]
[WhiteFideId "2004887"]
[BlackFideId "2613280"]
[WhiteElo "2612"]
[BlackElo "2407"]
[Result "1/2-1/2"]
[Round "05"]
[TimeControl "180+1"]
[Date "2022.11.08"]
[WhiteClock "0:01:20"]
[BlackClock "0:00:07"]

1. d4 Nf6 2. c4 g6 3. Nc3 d5 4. Nf3 Bg7 5. Qb3 dxc4 6. Qxc4 O-O 7. e4 a6 8. e5 b5 9. Qb3 Nfd7 10. e6 fxe6 11. Qxe6+ Kh8 12. Qe4 Nb6 13. Be3 Bf5 14. Qh4 Nc6 15. g4 Be6 16. Ng5 Bg8 17. Bg2 Nb4 18. O-O N6d5 19. Nxd5 Nxd5 20. Rac1 e5 21. dxe5 Nxe3 22. fxe3 Rxf1+ 23. Rxf1 Rb8 24. e6 h6 25. Nf7+ Bxf7 26. Qxd8+ Rxd8 27. exf7 Bf8 28. Bb7 Rd6 29. e4 Kg7 30. Rc1 Kxf7 31. Rxc7+ Kf6 32. Bd5 Kg5 33. h3 Rb6 34. Kg2 Bd6 35. Rf7 Be5 36. b3 a5 37. Re7 Kf4 38. Rf7+ Ke3 39. Rf3+ Kd4 40. h4 g5 41. h5 Rf6 42. Rf5 b4 43. Kf3 Rxf5+ 44. gxf5 Bf6 45. Bb7 Be5 46. Ba6 Bf6 47. Bf1 Be5 48. Bh3 Bf6 49. Bg2 Be5 50. Bf1 Bf6 51. Bh3 Be5 52. Bg2 Bf6 53. Kg4 Ke5 54. Kf3 Kd4 55. Kg4 Ke5 56. Kf3 Kd4 1/2-1/2


[Site "https://www.chess.com"]

[Event "Titled Tuesday Blitz November 08 Late 2022"]
[White "Shapiro, Daniel"]
[Black "Kleiman, Jake"]
[WhiteFideId "2001780"]
[BlackFideId "2020041"]
[WhiteElo "2288"]
[BlackElo "2498"]
[Result "0-1"]
[Round "05"]
[TimeControl "180+1"]
[Date "2022.11.09"]
[WhiteClock "0:00:01"]
[BlackClock "0:01:00"]

1. d4 Nf6 2. c4 e6 3. g3 Bb4+ 4. Bd2 Bxd2+ 5. Qxd2 O-O 6. Nf3 d5 7. Qc2 c6 8. Nbd2 Nbd7 9. Bg2 b6 10. O-O Bb7 11. Rfd1 c5 12. a4 a6 13. b3 Qc7 14. Rac1 Rac8 15. Qb2 Rfd8 16. e3 h6 17. h3 Qb8 18. Ne5 cxd4 19. exd4 dxc4 20. Bxb7 Qxb7 21. Ndxc4 Nb8 22. b4 b5 23. Na5 Qb6 24. Rc5 Ne4 25. Rxc8 Rxc8 26. axb5 axb5 27. Nb3 Nc6 28. Nc5 Nxe5 29. Nxe4 Nc4 30. Qe2 Rd8 31. Nc5 Qc6 32. Qe4 Qd5 33. Qxd5 Rxd5 34. Kg2 e5 35. Kf3 f5 36. g4 exd4 37. gxf5 Rxf5+ 0-1


[Site "https://www.chess.com"]

[Event "Titled Tuesday Blitz November 08 Late 2022"]
[White "Sibilio, Mario"]
[Black "Krishnan, Varun"]
[WhiteFideId "800422"]
[BlackFideId "5054508"]
[WhiteElo "2251"]
[BlackElo "2524"]
[Result "1/2-1/2"]
[Round "05"]
[TimeControl "180+1"]
[Date "2022.11.09"]
[WhiteClock "0:00:15"]
[BlackClock "0:00:19"]

1. e4 g6 2. d4 Bg7 3. Nf3 a6 4. c4 d6 5. h3 Nf6 6. Nc3 O-O 7. Be3 b6 8. Qd2 Bb7 9. Bd3 c5 10. d5 Nbd7 11. Bh6 Ne5 12. Bxg7 Kxg7 13. Nh2 b5 14. cxb5 axb5 15. Bxb5 c4 16. O-O Qb6 17. a4 h5 18. Kh1 h4 19. f4 Nh5 20. Ne2 Nd3 21. Ng4 Bc8 22. f5 Ba6 23. Qh6+ Kg8 24. fxg6 fxg6 25. Qxg6+ Ng7 26. Nh6+ Kh8 27. Nf7+ Kg8 28. Nh6+ Kh8 29. Rf7 Rxf7 30. Nxf7+ Kg8 31. Nh6+ Kh8 32. Nf7+ Kg8 33. Nh6+ Kh8 34. Nf7+ 1/2-1/2


[Site "https://www.chess.com"]

[Event "Titled Tuesday Blitz November 08 Late 2022"]
[White "Simonovic, Miroslav"]
[Black "Vargas, Mauricio"]
[WhiteFideId "919152"]
[BlackFideId "4404572"]
[WhiteElo "2043"]
[BlackElo "2025"]
[Result "0-1"]
[Round "05"]
[TimeControl "180+1"]
[Date "2022.11.09"]
[WhiteClock "0:00:02"]
[BlackClock "0:00:23"]

1. d4 d5 2. Bg5 f6 3. Bh4 Nh6 4. f3 c5 5. c3 Nf5 6. Bf2 cxd4 7. cxd4 Nc6 8. e3 Nd6 9. Nc3 e6 10. Bd3 g6 11. Nge2 Bg7 12. h4 f5 13. h5 a6 14. h6 Bf6 15. a3 b5 16. b4 Bd7 17. Nc1 Nc8 18. Nb3 Nb6 19. Nc5 Bc8 20. Be2 Nc4 21. Bxc4 dxc4 22. Qd2 O-O 23. e4 Bxd4 24. Bxd4 Qxd4 25. Qxd4 Nxd4 26. O-O-O e5 27. Nd5 f4 28. Kb2 a5 29. Nc7 Ra7 30. Rxd4 exd4 31. Nxb5 Ra8 32. Nxd4 axb4 33. axb4 Rd8 34. Nde6 Bxe6 35. Nxe6 Rd2+ 36. Kc3 Rxg2 37. Nxf4 Rf2 38. Rh3 Rc8 39. b5 Rf1 40. Nd5 Kf7 41. b6 Rb1 42. Kd4 c3 43. Nxc3 Rb4+ 44. Ke5 Rxc3 45. Rh1 Rxf3 46. Rc1 Rb5+ 47. Kd4 Rxb6 48. Rc7+ Kf6 49. Rxh7 Rh3 50. Rh8 Kg5 51. h7 Rb7 52. e5 Rbxh7 53. Rf8 Rd7+ 54. Kc5 Re3 55. Re8 Rc3+ 56. Kb6 Rd2 57. Ka5 Rb2 58. Ka4 Rb7 59. Re6 Rc1 60. Ra6 Ra1# 0-1


[Site "https://www.chess.com"]

[Event "Titled Tuesday Blitz November 08 Late 2022"]
[White "Stoyanov, Tsvetan"]
[Black "Martinez Alcantara, Jose Eduardo"]
[WhiteFideId "2917173"]
[BlackFideId "3805662"]
[WhiteElo "2349"]
[BlackElo "2705"]
[Result "0-1"]
[Round "05"]
[TimeControl "180+1"]
[Date "2022.11.08"]
[WhiteClock "0:00:28"]
[BlackClock "0:00:47"]

1. c4 c5 2. Nf3 Nc6 3. e3 e6 4. Nc3 d5 5. d4 Nf6 6. cxd5 exd5 7. Bb5 cxd4 8. Nxd4 Bd7 9. O-O Bd6 10. Nf3 Bg4 11. h3 Bh5 12. Be2 O-O 13. b3 a6 14. Bb2 Bc7 15. Nd4 Qd6 16. g3 Bg6 17. Nxc6 bxc6 18. Qc1 Rfe8 19. Na4 Ne4 20. Ba3 Qf6 21. Bb2 Qd6 22. Ba3 Qe6 23. Bg4 Bf5 24. Qd1 h5 25. Bxf5 Qxf5 26. h4 Qh3 27. Qxh5 Nxg3 0-1


[Site "https://www.chess.com"]

[Event "Titled Tuesday Blitz November 08 Late 2022"]
[White "Swiercz, Dariusz"]
[Black "Leitao, Rafael"]
[WhiteFideId "1126881"]
[BlackFideId "2101246"]
[WhiteElo "2627"]
[BlackElo "2609"]
[Result "1-0"]
[Round "05"]
[TimeControl "180+1"]
[Date "2022.11.08"]
[WhiteClock "0:01:12"]
[BlackClock "0:00:21"]

1. d4 Nf6 2. Bg5 d5 3. e3 Nbd7 4. Nd2 e6 5. Ngf3 Be7 6. Bd3 h6 7. Bh4 c5 8. c3 b6 9. Qe2 Bb7 10. O-O Ne4 11. Bxe7 Qxe7 12. Ba6 Bxa6 13. Qxa6 Nxd2 14. Nxd2 O-O 15. a4 Rfb8 16. Rfe1 Nf6 17. Qd3 e5 18. dxe5 Qxe5 19. a5 b5 20. b4 c4 21. Qc2 Ne4 22. Nxe4 Qxe4 23. Qxe4 dxe4 24. Rad1 Rd8 25. Rd4 Rxd4 26. exd4 Re8 27. f3 f5 28. fxe4 fxe4 29. Kf2 Kf7 30. Ke3 Ke6 31. Rf1 a6 32. Rf4 Rd8 33. g4 Rd7 34. Rf5 Kd6 35. h4 Re7 36. h5 Kc6 37. Rf8 Kc7 38. Rf4 Kc6 39. Rxe4 Rf7 40. Re6+ Kd5 41. Rxa6 Rf1 42. Rb6 Rd1 43. Rxb5+ Kd6 44. a6 Rd3+ 45. Ke4 1-0


[Site "https://www.chess.com"]

[Event "Titled Tuesday Blitz November 08 Late 2022"]
[White "Taboas Rodriguez, Daniel"]
[Black "Zhigalko, Sergei"]
[WhiteFideId "2208466"]
[BlackFideId "13502956"]
[WhiteElo "2329"]
[BlackElo "2662"]
[Result "0-1"]
[Round "05"]
[TimeControl "180+1"]
[Date "2022.11.09"]
[WhiteClock "0:00:10"]
[BlackClock "0:01:27"]

1. d4 Nf6 2. Nf3 e6 3. c4 b6 4. Nc3 Bb4 5. Qc2 Bb7 6. a3 Be4 7. Qb3 Bxc3+ 8. Qxc3 O-O 9. Bg5 d6 10. Nd2 Bb7 11. f3 h6 12. Bh4 Nbd7 13. e4 c5 14. dxc5 bxc5 15. Bd3 Qb6 16. O-O a5 17. b3 a4 18. Rfb1 Bc6 19. Bf2 axb3 20. Rxb3 Qc7 21. Rb2 Ra6 22. Rba2 Rfa8 23. Bc2 Ba4 24. Nb1 Ne5 25. Bg3 Nfd7 26. Nd2 Bxc2 27. Qxc2 Ra4 28. h3 Nc6 29. Kh2 e5 30. Nb1 Nb6 31. Nc3 Rxc4 32. Qb3 Nd4 33. Qb2 Na4 34. Nxa4 Rcxa4 35. Bf2 Qa7 36. Bxd4 exd4 37. Qb3 c4 38. Qb5 d3 39. Qd5 Qc5 40. Qb7 c3 41. Qb3 d2 42. Rc2 Rxa3 43. Rxa3 Qxa3 44. Qd5 Qa1 45. Rxc3 d1=Q 0-1


[Site "https://www.chess.com"]

[Event "Titled Tuesday Blitz November 08 Late 2022"]
[White "Tan, Ralph"]
[Black "Besedes, Danilo"]
[WhiteFideId "30966590"]
[BlackFideId "946796"]
[WhiteElo "2059"]
[BlackElo "2352"]
[Result "1-0"]
[Round "05"]
[TimeControl "180+1"]
[Date "2022.11.09"]
[WhiteClock "0:00:09"]
[BlackClock "0:00:10"]

1. Nf3 Nf6 2. g3 g6 3. Bg2 Bg7 4. O-O O-O 5. d4 d6 6. c4 c6 7. Nc3 Bf5 8. b3 Qc8 9. Bb2 Bh3 10. Rc1 Bxg2 11. Kxg2 Nbd7 12. e4 Qc7 13. Qe2 e5 14. dxe5 dxe5 15. Rfd1 Rfe8 16. b4 Bf8 17. a3 a5 18. c5 axb4 19. axb4 b6 20. cxb6 Qxb6 21. b5 cxb5 22. Nd5 Nxd5 23. Rxd5 Qb7 24. Qxb5 Qxb5 25. Rxb5 f6 26. Rc7 Rab8 27. Rxb8 Rxb8 28. Bc3 Nc5 29. Nd2 Rd8 30. Bb4 Ne6 31. Rc6 Bxb4 32. Nc4 Kf7 33. Rb6 Be7 34. h4 Rd7 35. g4 Nf4+ 36. Kf3 h5 37. g5 fxg5 38. Nxe5+ Ke8 39. Nxd7 Kxd7 40. hxg5 Bxg5 41. Rb5 Ke7 42. Rxg5 Kf6 43. Kxf4 1-0


[Site "https://www.chess.com"]

[Event "Titled Tuesday Blitz November 08 Late 2022"]
[White "Ter-Sahakyan, Samvel"]
[Black "Lazavik, Denis"]
[WhiteFideId "13302531"]
[BlackFideId "13515110"]
[WhiteElo "2584"]
[BlackElo "2483"]
[Result "0-1"]
[Round "05"]
[TimeControl "180+1"]
[Date "2022.11.08"]
[WhiteClock "0:00:06"]
[BlackClock "0:00:06"]

1. d4 Nf6 2. Nf3 d5 3. c4 e6 4. g3 Bb4+ 5. Nbd2 O-O 6. Bg2 b6 7. O-O Bb7 8. Ne5 Be7 9. b3 Nbd7 10. Bb2 c5 11. Nxd7 Qxd7 12. dxc5 bxc5 13. cxd5 exd5 14. Rc1 Rac8 15. Nc4 Qe6 16. Ne3 Rfd8 17. Qc2 Ba8 18. Qf5 d4 19. Qxe6 fxe6 20. Bxa8 Rxa8 21. Nc4 Nd5 22. Rfd1 a5 23. e3 dxe3 24. Nxe3 a4 25. Be5 Nb4 26. Rxd8+ Rxd8 27. Rd1 Ra8 28. bxa4 Rxa4 29. Rd7 Nc6 30. Rc7 Nxe5 31. Rxe7 Rxa2 32. Rxe6 Nd3 33. Rc6 h6 34. h4 Nxf2 35. Rxc5 Ne4 36. Rc8+ Kh7 37. g4 Ra3 38. Nf5 Ra7 39. Kg2 Nf6 40. g5 hxg5 41. hxg5 Ne4 42. Ne3 Nxg5 43. Rc5 Ne4 44. Re5 Nf6 45. Rf5 Ra3 46. Nd5 Ne4 47. Rh5+ Kg6 48. Nf4+ Kf7 49. Nd5 Ra5 50. Nf4 Ra2+ 51. Kf3 Nf6 52. Rf5 Ra3+ 53. Kf2 g6 54. Rb5 g5 55. Rb6 gxf4 56. Kg2 Kg6 57. Kf2 Kf5 58. Rb5+ Kg4 59. Rb4 Ra2+ 60. Ke1 Kg3 61. Rb3+ f3 62. Rb8 f2+ 0-1


[Site "https://www.chess.com"]

[Event "Titled Tuesday Blitz November 08 Late 2022"]
[White "Therrien, Alex L"]
[Black "Przybylski, Wojciech"]
[WhiteFideId "412856"]
[BlackFideId "1117599"]
[WhiteElo "2214"]
[BlackElo "2221"]
[Result "0-1"]
[Round "05"]
[TimeControl "180+1"]
[Date "2022.11.09"]
[WhiteClock "0:00:01"]
[BlackClock "0:00:10"]

1. d4 Nf6 2. c4 c6 3. Nf3 d5 4. e3 Bf5 5. Nc3 e6 6. Nh4 Be4 7. Qb3 Qb6 8. Nxe4 Qxb3 9. axb3 Nxe4 10. Bd3 Bb4+ 11. Ke2 f5 12. h3 Be7 13. Nf3 Nd7 14. Bd2 O-O 15. g3 a6 16. Be1 g6 17. Nd2 Kg7 18. Nb1 h5 19. f3 Nef6 20. Nc3 e5 21. cxd5 cxd5 22. dxe5 Nxe5 23. Rd1 Rad8 24. Bc2 Rfe8 25. f4 Nc6 26. Kf3 Bc5 27. Bf2 Nb4 28. Bb1 b5 29. Rd2 Re6 30. Rhd1 Rde8 31. Re1 Kf7 32. Rde2 Nc6 33. Rd1 Nb4 34. Na2 a5 35. Nxb4 axb4 36. Rde1 Ne4 37. Bd3 Nd6 38. Rc2 Bb6 39. Rce2 Rc8 40. Bg1 Re7 41. Rc2 Rec7 42. Rxc7+ Rxc7 43. Re2 Rc1 44. Bf2 Ne4 45. Kg2 Rd1 46. Bxe4 fxe4 47. Rc2 Rd3 48. Rc6 Bd8 49. Rd6 Be7 50. Rd7 Ke6 51. Rb7 Rxb3 52. Rxb5 Rxb2 53. Kf1 b3 54. Be1 d4 55. exd4 e3 56. Bc3 Rf2+ 57. Ke1 Rc2 58. Rxb3 Rxc3 59. Rxc3 Bb4 60. Ke2 Bxc3 61. Kxe3 Kf5 62. Kf3 Bxd4 63. g4+ hxg4+ 64. hxg4+ Kf6 65. Ke4 Bc3 66. g5+ Ke6 67. Ke3 Bb2 68. Ke4 Bc1 0-1


[Site "https://www.chess.com"]

[Event "Titled Tuesday Blitz November 08 Late 2022"]
[White "Thiel, Thomas"]
[Black "Ezat, Mohamed"]
[WhiteFideId "4615964"]
[BlackFideId "10600906"]
[WhiteElo "2210"]
[BlackElo "2386"]
[Result "0-1"]
[Round "05"]
[TimeControl "180+1"]
[Date "2022.11.09"]
[WhiteClock "0:00:22"]
[BlackClock "0:00:25"]

1. e4 e5 2. Nf3 Nc6 3. d4 exd4 4. Nxd4 Nf6 5. Nxc6 bxc6 6. e5 Nd5 7. c4 Nb6 8. Bd3 Bb4+ 9. Bd2 Qe7 10. O-O O-O 11. Re1 Re8 12. Qh5 g6 13. Qh6 Ba6 14. a3 Bxd2 15. Nxd2 d5 16. Nf3 Bxc4 17. Ng5 f6 18. Bxg6 fxg5 19. Bxe8 Rxe8 20. e6 Qg7 21. Qh5 Qg6 22. Qxg6+ hxg6 23. Re5 Kg7 24. Rae1 Kf6 25. g3 d4 26. Ra5 a6 27. Rc5 Bd5 28. Ra5 d3 29. Rd1 Nc4 30. Rxa6 Rxe6 31. f4 Nxb2 32. Rd2 Re2 33. Rxe2 dxe2 34. Kf2 Bf3 35. fxg5+ Kxg5 36. Ra5+ Kh6 37. Re5 Nd3+ 0-1


[Site "https://www.chess.com"]

[Event "Titled Tuesday Blitz November 08 Late 2022"]
[White "Tokhirjonova, Gulrukhbegim"]
[Black "Melikhov, Evgeny V."]
[WhiteFideId "14203626"]
[BlackFideId "4122046"]
[WhiteElo "2236"]
[BlackElo "2169"]
[Result "1-0"]
[Round "05"]
[TimeControl "180+1"]
[Date "2022.11.09"]
[WhiteClock "0:01:18"]
[BlackClock "0:00:04"]

1. e4 e5 2. Nf3 Nc6 3. d4 exd4 4. Nxd4 Bc5 5. Nb3 Bb6 6. Qe2 Nf6 7. Nc3 d6 8. Bg5 h6 9. Bh4 g5 10. Bg3 Qe7 11. O-O-O Bd7 12. h4 O-O-O 13. hxg5 hxg5 14. Rxh8 Rxh8 15. Qd2 Nxe4 16. Nxe4 Qxe4 17. Qxg5 Ne5 18. Qd2 Rh1 19. f3 Qe3 20. Bf4 Qxd2+ 21. Kxd2 a5 22. c3 a4 23. Nd4 Bxd4 24. cxd4 Ng6 25. Be3 c6 26. d5 c5 27. Bd3 Rxd1+ 28. Kxd1 b5 29. g4 Ne5 30. Be2 b4 31. Bf4 Kd8 32. Bg3 Ke7 33. Kd2 Be8 34. f4 Ng6 35. f5 Ne5 36. g5 f6 37. g6 Nxg6 38. fxg6 Bxg6 39. a3 b3 40. Bb5 Be8 41. Bxe8 1-0


[Site "https://www.chess.com"]

[Event "Titled Tuesday Blitz November 08 Late 2022"]
[White "Urazayev, Arystanbek"]
[Black "Darini, Pouria"]
[WhiteFideId "13709810"]
[BlackFideId "12502200"]
[WhiteElo "2441"]
[BlackElo "2483"]
[Result "1-0"]
[Round "05"]
[TimeControl "180+1"]
[Date "2022.11.08"]
[WhiteClock "0:00:16"]
[BlackClock "0:00:06"]

1. e4 c5 2. Nf3 Nc6 3. Bb5 e6 4. O-O Nge7 5. Re1 b6 6. d4 Nxd4 7. Nxd4 cxd4 8. Qxd4 Qc7 9. Nc3 Nc6 10. Qa4 Bd6 11. Nd5 exd5 12. exd5+ Ne7 13. Qh4 O-O 14. Rxe7 Qc5 15. Bd3 f5 16. Rxg7+ Kxg7 17. Bh6+ Kh8 18. Bxf8 Bxf8 19. Qf6+ Bg7 20. Qxf5 Kg8 21. Qxh7+ Kf8 22. Qf5+ Kg8 23. Re1 Bb7 24. c4 Qd4 25. Bb1 Qxb2 26. Qxd7 Rf8 27. Qe6+ Rf7 28. Bh7+ Kxh7 29. Qxf7 Qd2 30. Qh5+ Qh6 31. Qxh6+ Kxh6 32. Re6+ Kg5 33. Re7 Bxd5 1-0


[Site "https://www.chess.com"]

[Event "Titled Tuesday Blitz November 08 Late 2022"]
[White "Urbina Perez, Juan Antonio"]
[Black "Silva, Caio Henrique Angelico"]
[WhiteFideId "2217368"]
[BlackFideId "22777210"]
[WhiteElo "2197"]
[BlackElo "1990"]
[Result "0-1"]
[Round "05"]
[TimeControl "180+1"]
[Date "2022.11.09"]
[WhiteClock "0:00:01"]
[BlackClock "0:00:04"]

1. e4 c6 2. Nf3 d5 3. d3 g6 4. Qe2 Bg7 5. g3 dxe4 6. dxe4 e5 7. Bg2 Ne7 8. O-O O-O 9. Rd1 Qc7 10. a4 a5 11. h3 Na6 12. Be3 b6 13. Na3 Nb4 14. Nc4 Ba6 15. b3 c5 16. c3 Bxc4 17. Qxc4 Nc2 18. Ra2 Nxe3 19. fxe3 Bh6 20. Kf2 Rad8 21. Rad2 Rxd2+ 22. Rxd2 Rd8 23. Qe2 f6 24. Qd1 Rxd2+ 25. Qxd2 Kf8 26. Qd3 Ke8 27. Ke2 Qd7 28. Qa6 Qe6 29. Qb5+ Qc6 30. Qc4 Kf8 31. Nd2 Nc8 32. Qd3 Nd6 33. Nc4 Ke7 34. h4 Nf5 35. Bh3 Nxg3+ 36. Kf3 Nf5 37. Nxb6 Nd6 38. Nd5+ Kf7 39. c4 f5 40. Ke2 Nxe4 41. Bg2 Ng3+ 42. Kf2 e4 43. Qc3 Nh5 44. Qxa5 Qd6 45. Qc7+ Qxc7 46. Nxc7 Ke7 47. a5 Kd6 48. Nd5 Kc6 49. Bf1 Bg7 50. Be2 Nf6 51. Ne7+ Kb7 52. Ke1 Nd7 53. Kd2 Ka6 54. Kc2 Kxa5 55. Nd5 Ka6 56. h5 g5 57. Ne7 f4 58. Nf5 Bf6 59. h6 f3 60. Bf1 g4 61. Nd6 Be5 62. Nxe4 g3 63. Kd3 g2 64. Bxg2 fxg2 0-1


[Site "https://www.chess.com"]

[Event "Titled Tuesday Blitz November 08 Late 2022"]
[White "Veiga, Jose Francisco R P Neves"]
[Black "Levine, David"]
[WhiteFideId "1930087"]
[BlackFideId "2011611"]
[WhiteElo "2320"]
[BlackElo "2189"]
[Result "1/2-1/2"]
[Round "05"]
[TimeControl "180+1"]
[Date "2022.11.09"]
[WhiteClock "0:00:22"]
[BlackClock "0:00:03"]

1. e4 e5 2. Nf3 Nc6 3. Bb5 a6 4. Ba4 Nf6 5. O-O Be7 6. d3 d6 7. c4 O-O 8. h3 Bd7 9. Nc3 Re8 10. Re1 h6 11. Be3 Bf8 12. Nd5 g6 13. b4 Bg7 14. Rb1 b5 15. cxb5 axb5 16. Bxb5 Rxa2 17. Bc4 Ra8 18. Qc2 Rc8 19. b5 Nxd5 20. Bxd5 Ne7 21. Ba2 Rb8 22. Bc4 Nc8 23. d4 Nb6 24. Bf1 exd4 25. Nxd4 Re5 26. Rec1 Rc5 27. Qd2 Qe8 28. f3 Kh7 29. Nb3 Rxc1 30. Rxc1 Bxb5 31. Bxb5 Qxb5 32. Nd4 Qd7 33. Nc6 Ra8 34. Nb4 c5 35. Nd5 Nxd5 36. Qxd5 Rd8 37. Rd1 Qe6 38. Qxe6 fxe6 39. Bxc5 d5 40. exd5 exd5 41. Kf1 g5 42. Ke2 Kg6 43. Bd4 Bxd4 44. Rxd4 Kf5 45. g4+ Ke5 46. Ra4 d4 47. Ra5+ Kf4 48. Ra6 d3+ 49. Kd2 Kxf3 50. Rxh6 Kg3 51. Rg6 Kxh3 52. Rxg5 Kh4 53. Rg7 Rd4 54. g5 Rg4 55. g6 Kh5 56. Rg8 Kh6 57. Rh8+ Kxg6 58. Rg8+ Kf5 59. Rxg4 Kxg4 60. Kxd3 1/2-1/2


[Site "https://www.chess.com"]

[Event "Titled Tuesday Blitz November 08 Late 2022"]
[White "Vlassov, Nikolai"]
[Black "Kekic, Armin"]
[WhiteFideId "4103360"]
[BlackFideId "14401274"]
[WhiteElo "2324"]
[BlackElo "2132"]
[Result "1-0"]
[Round "05"]
[TimeControl "180+1"]
[Date "2022.11.09"]
[WhiteClock "0:00:21"]
[BlackClock "0:00:21"]

1. g4 c5 2. Bg2 Nc6 3. e4 d6 4. d3 h5 5. g5 g6 6. f4 Bg7 7. Nf3 e6 8. O-O Nge7 9. Nh4 d5 10. c3 dxe4 11. dxe4 Qxd1 12. Rxd1 Bd7 13. Na3 Nc8 14. Nb5 Ke7 15. f5 gxf5 16. exf5 exf5 17. Bf4 Be6 18. Re1 Nb6 19. Nxf5+ Kf8 20. Nxg7 Kxg7 21. Bxc6 bxc6 22. Nc7 Kg6 23. Nxe6 fxe6 24. Rxe6+ Kf5 25. Rf6+ Kg4 26. Kh1 h4 27. Rg1+ Kh5 28. g6 Rhf8 29. Rg5+ Kh6 30. Rxf8 Rxf8 31. Rf5+ Kg7 32. Bh6+ Kxh6 33. Rxf8 Kxg6 34. Kg2 Na4 35. Rb8 Kf5 36. Kh3 Ke4 37. Kxh4 Kd3 38. Kg5 Kc2 39. h4 Nxb2 40. h5 Nc4 41. h6 Nd6 42. h7 Kxc3 43. Kg6 1-0


[Site "https://www.chess.com"]